 Dungeon Crawl Stone Soup version 0.31-a0-187-gba352fbbf7 (webtiles) character file.

Game seed: 8371217702993579104

83 qw the Shooter (level 4, 0/25 HPs)
             Began as a Deep Elf Hunter on June 22, 2023.
             Slain by an orc wizard
             ... wielding a +2 dagger of flaming
              (2 damage)
             ... on level 3 of the Dungeon.
             The game lasted 00:00:41 (1690 turns).

qw the Shooter (Deep Elf Hunter)                    Turns: 1690, Time: 00:00:41

Health: 0/25       AC:  3    Str: 10    XL:     4   Next: 22%
Magic:  6/6        EV: 12    Int: 14    God:
Gold:   129        SH:  0    Dex: 18    Spells: 3/3 levels left

rFire   . . .        Y - +1 shortbow
rCold   . . .        (shield currently unavailable)
rNeg    . . .        c - +0 leather armour
rPois   .            (no helmet)
rElec   .            (no cloak)
rCorr   .            (no gloves)
SInv    .            (no boots)
Will    .....        (no amulet)
Stlth   +            (no ring)
HPRegen 0.24/turn    (no ring)
MPRegen 0.10/turn

%: no passive effects
@: confused
A: no striking features
a: no special abilities


You were on level 3 of the Dungeon.
You visited 1 branch of the dungeon, and saw 3 of its levels.

You collected 129 gold pieces.


   Skills:
 - Level 1.5 Fighting
 + Level 7.6 Ranged Weapons
 - Level 2.4 Dodging
 - Level 1.2 Stealth


You had 3 spell levels left.
You didn't know any spells.
Your spell library was empty.

Inventory:

Hand Weapons
 Y - a +1 shortbow (weapon)
Armour
 c - a +0 leather armour (worn)
Scrolls
 e - a scroll of identify
 g - a scroll of teleportation
Potions
 b - a potion of might {unknown}
 d - a potion of enlightenment {unknown}
 f - a potion of degeneration {unknown}
 h - a potion of heal wounds

Dungeon Overview and Level Annotations

Branches:
Dungeon (3/15)

Altars:
Zin


Message History

The orc wizard shouts!
The arrow hits the orc!
You kill the orc!
An orc wizard comes into view. It is wielding a +0 dagger.
A frilled lizard comes into view.
You shoot an arrow.
The arrow closely misses the orc wizard.
The frilled lizard hisses angrily.
The orc wizard shouts!
You shoot an arrow. The arrow barely misses the orc wizard.
The orc wizard casts a spell at you. The magic dart hits you!
A kobold comes into view. It is wielding a +0 club.
You shoot an arrow. The arrow hits the orc wizard.
The orc wizard is heavily wounded.
The orc wizard mumbles some strange words.
The orc wizard flickers and vanishes!
Deactivating autopickup; reactivate with Ctrl-A.
You shoot an arrow. The arrow barely misses the orc wizard.
The arrow completely misses the kobold.
You shoot an arrow. The arrow hits the orc wizard.
The orc wizard is severely wounded.
The orc wizard mumbles some strange words.
The orc wizard flickers and vanishes!
You shoot an arrow.
The arrow hits the frilled lizard but does no damage.
You shoot an arrow.
The arrow closely misses the frilled lizard.
You shoot an arrow. The arrow hits the frilled lizard.
The frilled lizard is severely wounded.
You hear some strange, mumbled words.
You are confused.
You hear some strange, mumbled words.
Something tries to affect you, but you resist.
The frilled lizard misses you.
Something hits you. x2; Something burns you.
The frilled lizard closely misses you.
You hear some strange, mumbled words.
A magic dart appears from out of thin air!
The magic dart hits you! Something hits you. Something burns you.
You die...

....#####
..[(.....
#........
#)....... ...
##....?... ..
.K....... ..
##{....... #.
#.@l# ..
#..##.#......#
#.#..###....#.
#...#####....#.
###......#......
#...............
#...#....##.....
#####...%.......
##..<.......


You could see a kobold and a frilled lizard.

Vanquished Creatures
  2 adders (D:2)
  2 worms (D:2)
  A dart slug (D:1)
  An orc (D:3)
  8 endoplasms
  A giant cockroach (D:2)
  5 goblins
  3 hobgoblins (D:1)
  6 kobolds
  4 quokkas
  7 ball pythons
  6 bats
  2 frilled lizards (D:1)
  3 rats
51 creatures vanquished.

Notes
Turn   | Place    | Note
-------+----------+-------------------------------------------
     0 | D:1      | qw the Deep Elf Hunter began the quest for the Orb.
     0 | D:1      | Reached XP level 1. HP: 12/12 MP: 3/3
     0 | D:1      | 0 ||| qw: Version: 0.3-a-9-g12657ce
     0 | D:1      | 0 ||| qw: Game counter: 2359
     0 | D:1      | 0 ||| qw: Always use a shield: true
     0 | D:1      | 0 ||| qw: God list: Okawaru
     0 | D:1      | 0 ||| qw: Allow faded altars: false
     0 | D:1      | 0 ||| qw: Do Orc after D:15 true
     0 | D:1      | 0 ||| qw: Do second Lair branch before Depths: true
     0 | D:1      | 0 ||| qw: Lair rune preference: random
     0 | D:1      | 0 ||| qw: Plans: Normal
     0 | D:1      | 0 ||| PLANNING D:1-11
    96 | D:1      | Reached XP level 2. HP: 16/16 MP: 4/4
    98 | D:1      | Reached skill level 6 in Ranged Weapons
   131 | D:1      | Found a faded altar of an unknown god.
   507 | D:1      | Reached XP level 3. HP: 20/20 MP: 5/5
   600 | D:1      | 600 ||| READING scroll labelled IDWUWEMAYM.
   601 | D:1      | 601 ||| READING scroll labelled RIUGUKKEGHOB.
   606 | D:1      | 606 ||| READING scroll labelled INYAZX OT EGUU.
   607 | D:1      | 607 ||| READING scroll labelled WAHAWK PEDEPPE.
   608 | D:1      | 608 ||| DRINKING 2 purple potions.
   609 | D:1      | 609 ||| DROPPING scroll of butterflies.
   884 | D:2      | Found a glowing silver altar of Zin.
   891 | D:2      | Reached skill level 7 in Ranged Weapons
  1042 | D:2      | Reached XP level 4. HP: 9/25 MP: 6/6
  1635 | D:2      | 1635 ||| READING scroll labelled POZEDI IMIUPOM.
  1690 | D:3      | HP: 5/25 [something/magic dart (7)]
  1690 | D:3      | HP: 2/25 [something (3)]
  1690 | D:3      | Slain by an orc wizard

Levels and vault maps discovered:
D:1:      lemuel_arrival_rhombus, layout_basic, nicolae_ecumenical_lake_church
D:2:      layout_basic, basic_altar, minmay_pentomino_o4
D:3:      layout_rooms, kennysheep_slug_shrine, mainiacjoe_overflow_paths,
          mainiacjoe_overflow_24_doors

Skill      XL: |  1  2  3 |
---------------+----------+-----
Ranged Weapons | 6 7 |  7.6
Fighting       | |  1.5
Dodging        | |  2.4
Stealth        | |  1.2

Action                     |  1- 3 |  4- 6 || total
---------------------------+-------+-------++-------
   Fire: Shortbow          |   146 |    27 ||   173
    Use: Scroll            |     4 |     1 ||     5
         Potion            |     1 |       ||     1
 Armour: Leather armour    |    15 |       ||    15
  Dodge: Dodged            |    30 |     2 ||    32

Table legend:
 A = Non-vault XP
 B = Vault XP
 C = Vault XP percentage of total XP
 D = Non-vault monster count
 E = Vault monster count
 F = Vault count percentage of total count
                 A         B        C        D         E       F
            +---------+---------+-------+---------+---------+-------
      Total |     113 |       6 |   5.0 |      47 |       4 |   7.8
            +---------+---------+-------+---------+---------+-------
        D:1 |      45 |       0 |   0.0 |      25 |       0 |   0.0
        D:2 |      63 |       6 |   8.7 |      20 |       4 |  16.7
        D:3 |       5 |       0 |   0.0 |       2 |       0 |   0.0
            +---------+---------+-------+---------+---------+-------
